[Event "Team 45 45 League T30"]
[Site "Internet Chess Club"]
[Date "2006.03.25"]
[Round "1"]
[White "EdBorowski"]
[Black "rjml"]
[Result "0-1"]
[WhiteElo "2027"]
[BlackElo "1988"]
[TimeControl "2700+45"]

1. d4 Nf6 2. Nf3 e6 3. Bf4 c5 4. c3 b6 5. e3 Bb7 6. Nbd2 Be7 7. Bd3 d6 8. Qe2
Nh5 9. Bg3 Nd7 10. e4 a6 11. Nc4 Nxg3 12. hxg3 b5 13. Ncd2 Qc7 14. a4 bxa4 15.
Rxa4 cxd4 16. Nxd4 Nc5 17. Ra2 Nxd3+ 18. Qxd3 d5 19. O-O dxe4 20. Nxe4 O-O 21.
Rfa1 Rfd8 22. Qe2 Qe5 23. Re1 Qd5 24. Raa1 f5 25. f3 fxe4 26. fxe4 Qc5 27. Kh2
Rd6 28. Qg4 Rb6 29. Nxe6 Qe5 30. Nd4 Rg6 31. Qf3 Rf8 32. Qe3 Bd6 33. Nf5 Rxf5
34. exf5 Rh6+ 35. Qxh6 Qxg3+ {White resigns} 0-1  aics%

[Event "Team 45 45 League T30"]
[Site "Internet Chess Club"]
[Date "2006.03.23"]
[Round "1"]
[White "chiiwen"]
[Black "Flying-Tiger"]
[Result "1-0"]
[WhiteElo "1833"]
[BlackElo "1806"]
[TimeControl "2700+45"]

1. e4 c5 2. Nc3 g6 3. g3 Bg7 4. Bg2 Nc6 5. d3 d6 6. Be3 Nf6 7. Nge2 O-O 8. O-O
Bd7 9. f4 Ng4 10. Bc1 Nd4 11. h3 Nxe2+ 12. Nxe2 Nh6 13. g4 Nxg4 14. hxg4 Bxg4
15. c3 e6 16. Be3 f5 17. Qd2 Rc8 18. exf5 Bxe2 19. Qxe2 Rxf5 20. Bh3 Rf6 21. Bf2
Kh8 22. Bh4 g5 23. fxg5 Rxf1+ 24. Rxf1 Rc7 25. Qxe6 d5 26. Re1 Bf8 27. Qe5+ Rg7
28. Kh1 d4 29. c4 Qb6 30. Qf6 Qxf6 31. gxf6 Rg6 32. Re8 Kg8 33. Be6+ {Black
resigns} 1-0  aics%

[Event "Team 45 45 League T30"]
[Site "Internet Chess Club"]
[Date "2006.03.22"]
[Round "1"]
[White "AndrewYang"]
[Black "MaunaKeaMike"]
[Result "0-1"]
[WhiteElo "1534"]
[BlackElo "1823"]
[TimeControl "2700+45"]

1. d4 Nf6 2. c4 e6 3. Nc3 Bb4 4. Bg5 c5 5. a3 Bxc3+ 6. bxc3 Qa5 7. Qd3 Ne4 8.
Bd2 f5 9. Nf3 O-O 10. d5 d6 11. Ng5 Nxg5 12. Bxg5 e5 13. Be7 Rf7 14. Bxd6 Nd7
15. Qe3 e4 16. g3 Qb6 17. Bf4 Qa6 18. f3 Qxc4 19. fxe4 fxe4 20. Bg2 Nf6 21. d6
Bd7 22. O-O Re8 23. Rab1 Nd5 24. Qd2 b6 25. Be3 Rxf1+ 26. Rxf1 Nxc3 27. Qc2
Nxe2+ {White resigns} 0-1

[Event "Team 45 45 League T30"]
[Site "Internet Chess Club"]
[Date "2006.03.24"]
[Round "1"]
[White "Avedldesierto"]
[Black "Miles72"]
[Result "1-0"]
[WhiteElo "1729"]
[BlackElo "1692"]
[TimeControl "2700+45"]

1. e4 e6 2. g3 d5 3. Bg2 dxe4 4. Bxe4 Nf6 5. Bg2 Bc5 6. d3 Bxf2+ 7. Kxf2 Qd4+ 8.
Kf1 O-O 9. Nc3 Ng4 10. Qf3 f5 11. Nge2 Qc5 12. h3 Bd7 13. d4 Qc4 14. Qxb7 Bc6
15. Bxc6 Nxc6 16. b3 {Black resigns} 1-0  aics%

[Event "Team 45 45 League T30"]
[Site "Internet Chess Club"]
[Date "2006.03.25"]
[Round "1"]
[White "vaibhav"]
[Black "gravitydk"]
[Result "1-0"]
[WhiteElo "1863"]
[BlackElo "1740"]
[TimeControl "2700+45"]

1. e4 c5 2. Nf3 d6 3. d4 cxd4 4. Nxd4 Nf6 5. Nc3 a6 6. Bg5 e6 7. Be2 Qc7 8. Bxf6
gxf6 9. O-O Bd7 10. f4 Nc6 11. Kh1 O-O-O 12. a3 Kb8 13. b4 Qb6 14. Nb3 Be7 15.
Na4 Qc7 16. Nc3 Na7 17. Qd2 h5 18. f5 h4 19. Bg4 Nb5 20. Nxb5 Bxb5 21. Rfc1 d5
22. fxe6 dxe4 23. Qe3 fxe6 24. Bxe6 Qe5 25. Bh3 Bd6 26. Qg1 Rdg8 27. c4 Bc6 28.
Na5 Be8 29. c5 Bc7 30. Nc4 Qe7 31. Ne3 Bd7 32. Nf5 Bxf5 33. Bxf5 h3 34. g3 Rg5
35. Rf1 Qe5 36. Qf2 e3 37. Qc2 Rd8 38. Bd3 Qd5+ 39. Be4 Qd2 40. Qxd2 Rxd2 41.
Rxf6 e2 42. Bf3 Be5 43. Rf8+ Kc7 44. Re1 Rxg3 45. hxg3 Bxg3 46. Rf7+ Kd8 47.
Bxe2 Bxe1 48. Bg4 Bg3 49. Rxb7 Ra2 50. Rd7+ Ke8 51. Rd3 Ra1+ 52. Bd1 Kf7 53.
Rxg3 Rxd1+ 54. Kh2 Ke7 55. Kxh3 Kd7 56. Rg6 Rd3+ 57. Rg3 Rd4 58. Kg2 Kc6 59. Kf2
Kb5 60. Rc3 Rf4+ 61. Ke3 Rf6 62. Kd4 Kc6 63. Ke5 Rh6 64. Rd3 Kb5 65. Rd6 Rh5+
66. Ke6 Rh6+ 67. Kd7 Rh7+ 68. Kc8 Rh8+ 69. Kc7 Rh7+ 70. Rd7 Rh6 71. Kb7 a5 72.
bxa5 Kxc5 73. a6 Rb6+ 74. Ka7 Kb5 75. Rd5+ Kc6 76. Rd6+ {Black resigns} 1-0 
aics%

[Event "Team 45 45 League T30"]
[Site "Internet Chess Club"]
[Date "2006.04.01"]
[Round "1"]
[White "Durbed"]
[Black "garethn"]
[Result "1-0"]
[WhiteElo "1732"]
[BlackElo "1750"]
[TimeControl "2700+45"]

1. e4 e5 2. Nf3 Nc6 3. Bb5 a6 4. Bxc6 dxc6 5. O-O Bg4 6. h3 h5 7. d3 Qf6 8. Be3
Bxf3 9. Qxf3 Qxf3 10. gxf3 Bd6 11. Nd2 O-O-O 12. Nc4 Ne7 13. f4 Ng6 14. fxe5
Nxe5 15. Nxd6+ cxd6 16. f4 Nd7 17. Kf2 g6 18. Rg1 Rhg8 19. Rg5 Nf6 20. Rag1 Nh7
21. R5g2 Rge8 22. f5 Nf8 23. fxg6 Nxg6 24. Rg5 Rd7 25. Rxh5 Rde7 26. Rg3 Re5 27.
Rh7 R5e7 28. Bg5 Rd7 29. Rf3 Ne5 30. Rf5 Rf8 31. Bf6 Ng6 32. Bg7 Rg8 33. Bc3 Rf8
34. h4 f6 35. Rxd7 Kxd7 36. Rxf6 Rxf6+ 37. Bxf6 Ke6 38. Bg5 Ke5 39. h5 Nf8 40.
Ke3 Nh7 41. d4+ Ke6 42. Kf4 b6 43. Bd8 b5 44. Ba5 Kf6 45. e5+ dxe5+ 46. dxe5+
Ke6 47. Bb4 Kd5 48. Bd6 Ke6 49. b4 Kf7 50. Kf5 Kg7 51. e6 Kg8 52. Kg6 Kh8 53. e7
{Black resigns} 1-0  aics%  DEMOLISIONPOWER(71): ala madrid aics%

[Event "Team 45 45 League T30"]
[Site "Internet Chess Club"]
[Date "2006.03.23"]
[Round "1"]
[White "jongalt97"]
[Black "fredd"]
[Result "1-0"]
[WhiteElo "1768"]
[BlackElo "1620"]
[TimeControl "2700+45"]

1. d4 Nf6 2. c4 c6 3. Nc3 d6 4. e4 e6 5. Nge2 Be7 6. Ng3 e5 7. d5 Qb6 8. Be2 Na6
9. a3 Bd7 10. b4 Qd8 11. O-O Qc8 12. f4 Bg4 13. fxe5 Bxe2 14. Ngxe2 dxe5 15. d6
Bd8 16. c5 b6 17. Be3 bxc5 18. bxc5 Rb8 19. Ng3 g6 20. Rb1 Rxb1 21. Qxb1 Qb8 22.
Qxb8 Nxb8 23. Rb1 Nfd7 24. Rb7 a6 25. Na4 h5 26. Ne2 h4 27. Nec3 f5 28. exf5
gxf5 29. Nb6 Bxb6 30. cxb6 Kd8 31. Bg5+ Kc8 32. Rc7# {Black checkmated} 1-0 
aics%

[Event "Team 45 45 League T30"]
[Site "Internet Chess Club"]
[Date "2006.03.29"]
[Round "1"]
[White "chesskilleruk"]
[Black "MoneyGame"]
[Result "0-1"]
[WhiteElo "2353"]
[BlackElo "2289"]
[TimeControl "2700+45"]

1. e4 c5 2. Nc3 e6 3. f4 Nc6 4. Nf3 Nge7 5. g3 g6 6. Bg2 Bg7 7. O-O O-O 8. d3 d6
9. Qe1 Nd4 10. Qf2 Rb8 11. Nd1 b5 12. c3 Nxf3+ 13. Bxf3 b4 14. Re1 Ba6 15. Qc2
Qa5 16. Be3 Rfc8 17. Qd2 bxc3 18. bxc3 Qa3 19. Rc1 Bb5 20. Nf2 Ba4 21. Re2 Rc7
22. e5 d5 23. Ng4 Rcb7 24. Qe1 Nf5 25. Bf2 Rb2 26. Nf6+ Bxf6 27. exf6 Rxe2 28.
Bxe2 Rb2 29. Bf3 h5 30. h3 Bd7 31. g4 hxg4 32. hxg4 Nd6 33. Be3 Qxa2 34. Bxc5
Ne8 35. g5 a5 36. Qh4 Rb5 37. Be7 Qd2 38. Rf1 Qe3+ 39. Kh2 Rb2+ 40. Kg3 e5 41.
d4 exf4+ 42. Qxf4 Rg2+ 43. Kxg2 Qxf4 44. Kf2 Qd2+ 45. Be2 Bb5 46. Re1 Qf4+ 47.
Bf3 Qh4+ {White resigns} 0-1  aics%  PosPos(71): hola carlesb aics%

[Event "Team 45 45 League T30"]
[Site "Internet Chess Club"]
[Date "2006.03.27"]
[Round "1"]
[White "KingDestroyer"]
[Black "iwulu"]
[Result "0-1"]
[WhiteElo "2188"]
[BlackElo "2260"]
[TimeControl "2700+45"]

1. e4 d5 2. exd5 Qxd5 3. Nc3 Qa5 4. d4 c6 5. Nf3 Nf6 6. Bc4 Bf5 7. O-O e6 8. Bf4
Nbd7 9. a3 b5 10. Bb3 Be7 11. Qe2 a6 12. Nh4 Bg6 13. Nxg6 hxg6 14. Bxe6 fxe6 15.
Qxe6 Kf8 16. Qxc6 Qd8 17. Rfe1 Rh4 18. Bg3 Rxd4 19. Qf3 Rc8 20. Ne2 Rd2 21. Nf4
Kf7 22. Ne6 Qb6 23. Nxg7 Rcxc2 24. Ne6 Bd6 25. Ng5+ Kg7 26. Bh4 Be5 27. Rad1 Qd6
28. Rc1 Rxc1 29. Rxc1 Bxb2 30. Re1 Be5 31. g3 Rd3 32. Qe2 Qd5 33. Ne6+ Kg8 34.
Qc2 Qc4 35. Qb1 Ne4 36. Ng5 Nc3 37. Qc2 Qd5 38. Ne6 a5 39. Nd8 Nc5 40. Be7 N5e4
41. Bg5 Nxg5 42. Nc6 Nf3+ {White resigns} 0-1  aics%

[Event "Team 45 45 League T30"]
[Site "Internet Chess Club"]
[Date "2006.03.25"]
[Round "1"]
[White "SkinnyPuppy"]
[Black "DTK"]
[Result "0-1"]
[WhiteElo "2118"]
[BlackElo "2117"]
[TimeControl "2700+45"]

1. e4 e6 2. d4 d5 3. Nd2 Be7 4. Bd3 c5 5. dxc5 Nf6 6. Qe2 O-O 7. Ngf3 a5 8. O-O
Na6 9. exd5 exd5 10. Nb3 Re8 11. Bb5 Bd7 12. Bxd7 Qxd7 13. Qd1 a4 14. Nbd4 Bxc5
15. a3 Nc7 16. h3 Ne4 17. Be3 b6 18. Qd3 h6 19. Rad1 Nd6 20. Bc1 Nc4 21. Rfe1
Rxe1+ 22. Rxe1 Re8 23. Rxe8+ Qxe8 24. Kf1 Qe4 25. Ne2 Nb5 26. Nf4 Nc7 27. Ne2 b5
28. Bf4 Nxb2 29. Qc3 Ne6 30. Qxb2 Nxf4 31. Nxf4 Qxf4 32. Qxb5 Qc4+ 33. Qxc4 dxc4
34. Ke2 Bxa3 35. Kd2 Bb4+ 36. Kc1 c3 37. Ne1 g5 38. Nd3 Bd6 39. Kd1 f5 40. Nc1
Kf7 41. Ke2 Ke6 42. Kd3 Kd5 43. Kxc3 h5 44. Kd3 Be5 45. Na2 a3 46. f3 h4 47.
Nb4+ Kc5 48. Na2 Kb5 49. Nc1 Bb2 50. Na2 Kc5 51. Ke3 Kc4 52. f4 g4 53. hxg4 fxg4
54. f5 Be5 55. Ke4 h3 56. gxh3 gxh3 57. Kf3 Kd5 58. Nb4+ Kc5 59. Na2 Kd6 60. Kf2
Ke7 61. c4 Kf6 62. c5 Kxf5 63. c6 Ke6 {White resigns} 0-1  aics%

[Event "Team 45 45 League T30"]
[Site "Internet Chess Club"]
[Date "2006.03.25"]
[Round "1"]
[White "syy89"]
[Black "Zebbile"]
[Result "0-1"]
[WhiteElo "2101"]
[BlackElo "2111"]
[TimeControl "2700+45"]

1. e4 c6 2. c4 d5 3. exd5 cxd5 4. cxd5 Nf6 5. Nc3 g6 6. Nf3 Bg7 7. Bc4 O-O 8.
O-O Nbd7 9. d4 Nb6 10. Bb3 Nbxd5 11. Re1 e6 12. Bg5 Nxc3 13. bxc3 b6 14. Ne5 Bb7
15. Qd2 Rc8 16. Qf4 Rxc3 17. Ng4 Nd5 18. Qd2 Qd6 19. Bh6 Rfc8 20. Bxg7 Kxg7 21.
Qh6+ Kh8 22. Ne5 Qf8 23. Qh4 Kg8 24. Bxd5 Bxd5 25. Nd7 Qd8 26. Qxd8+ Rxd8 27.
Ne5 Rdc8 28. h4 Rc2 29. a4 Rd2 30. Rac1 Rcc2 31. Rxc2 Rxc2 32. Re3 Ra2 33. Rc3
Rxa4 34. Rc8+ Kg7 35. Rc7 Rxd4 36. Rxf7+ Kg8 37. Rxa7 Rxh4 38. f3 Rf4 39. Kf2 b5
40. Nd3 Ra4 41. Rc7 Ra8 42. Rc2 Ra2 43. Rxa2 Bxa2 44. Ke3 Kf7 45. Kd4 Kf6 46.
Kc5 Bc4 47. Nf2 Kf5 48. Ne4 Kf4 49. Kd4 h5 50. Kc3 Bd5 {White resigns} 0-1 
aics%  Tricornia21(71): no te me insinues ramonita..... aics%

[Event "Team 45 45 League T30"]
[Site "Internet Chess Club"]
[Date "2006.03.26"]
[Round "1"]
[White "Rossinantes"]
[Black "Quoyle"]
[Result "0-1"]
[WhiteElo "2351"]
[BlackElo "2440"]
[TimeControl "2700+45"]

1. d4 Nf6 2. c4 e6 3. Nc3 Bb4 4. e3 b6 5. f3 O-O 6. Bd3 Ba6 7. Ne2 d5 8. cxd5
Bxd3 9. Qxd3 exd5 10. O-O c5 11. dxc5 Bxc5 12. Nd4 Qd7 13. Nce2 a5 14. b3 Re8
15. Re1 g6 16. Bb2 Nc6 17. Nf4 Ne5 18. Qf1 a4 19. Rad1 axb3 20. axb3 Ra2 21. Re2
Bf8 22. Ra1 Rea8 23. Rxa2 Rxa2 24. Qb1 Ra8 25. Rd2 Bb4 26. Rd1 Re8 27. Qa1 Qe7
28. Nc2 Bc5 29. Kh1 Bd6 30. Nxd5 Nxd5 31. Rxd5 Bb8 32. Qd1 Qh4 33. Rd4 Ng4 34.
h3 Qg3 {White resigns} 0-1  aics%

[Event "Team 45 45 League T30"]
[Site "Internet Chess Club"]
[Date "2006.03.27"]
[Round "1"]
[White "phoenix10q72"]
[Black "diehappy"]
[Result "1/2-1/2"]
[WhiteElo "2302"]
[BlackElo "2243"]
[TimeControl "2700+45"]

1. e4 c5 2. Nf3 d6 3. d4 cxd4 4. Nxd4 Nf6 5. Nc3 g6 6. Be3 Bg7 7. f3 Nc6 8. Qd2
O-O 9. O-O-O d5 10. Kb1 Nxd4 11. e5 Nf5 12. exf6 Bxf6 13. Nxd5 Qxd5 14. Qxd5
Nxe3 15. Qd2 Nxd1 16. Qxd1 Be6 17. Bd3 Rfd8 18. Qe1 Rd6 19. Qa5 b6 20. Qa6 b5
21. Qb7 Bd5 22. Qxb5 Be6 23. b3 Rb6 24. Qa5 Bd4 25. h4 Rd8 26. h5 Rd5 27. Qe1
Re5 28. Qg3 Rc5 29. hxg6 hxg6 30. Rh4 Bf6 31. Ra4 a5 32. Qf2 Rh5 33. c4 Rd6 34.
Kc2 Bd4 35. Qg3 Kg7 36. f4 Bf6 37. Qe1 Rd4 38. Rxa5 Rxa5 39. Qxa5 Rxf4 40. Qe1
Bd4 41. b4 Rf2+ 42. Kb3 Rb2+ 43. Ka3 Rxg2 44. Qe4 Rg4 45. Qe2 Rg3 46. Ka4 Bd7+
47. b5 e5 48. Kb4 Re3 49. Qc2 Rf3 50. c5 Rf2 51. Qc1 Rb2+ 52. Ka5 Rxa2+ 53. Kb6
Rb2 54. Qh1 Be6 55. Kc6 Rb3 56. b6 Rxd3 57. b7 Rb3 58. Qd1 Rxb7 59. Kxb7 Bxc5
60. Kc6 Bd4 61. Kd6 g5 62. Qc1 Kg6 63. Ke7 g4 64. Qc2+ Kg5 65. Qd2+ Kf5 66. Qd3+
Kf4 67. Qd2+ Be3 68. Qg2 g3 69. Kf6 e4 70. Qh1 Bd4+ 71. Ke7 e3 72. Qf1+ Ke4 73.
Qg2+ Kf4 74. Qf1+ Ke4 75. Qg2+ Kd3 76. Qxg3 Bc4 77. Kd6 Kd2 78. Qf4 Kc3 79. Qf3
Bd3 80. Kd5 f5 81. Qd1 Be4+ 82. Kd6 Bc2 83. Qa1+ Kd3 84. Qf1+ Kd2 85. Qc4 Bc3
86. Qd5+ Bd3 87. Qa2+ Bc2 88. Qd5+ Kc1 89. Qc5 Bd2 90. Qc4 f4 91. Qf1+ Kb2 92.
Qxf4 Kc1 93. Qf1+ Kb2 94. Kd5 Kc3 95. Qc4+ Kb2 96. Kd4 Kc1 97. Qe2 Kb2 98. Qxe3
{Game drawn by mutual agreement} 1/2-1/2  aics%

[Event "Team 45 45 League T30"]
[Site "Internet Chess Club"]
[Date "2006.03.25"]
[Round "1"]
[White "VentasD"]
[Black "jorobo"]
[Result "0-1"]
[WhiteElo "2080"]
[BlackElo "2171"]
[TimeControl "2700+45"]

1. Nf3 d5 2. d4 e6 3. c4 c5 4. dxc5 Bxc5 5. cxd5 exd5 6. e3 Nf6 7. Nbd2 Nc6 8.
Nb3 Bb6 9. Bb5 O-O 10. O-O Bg4 11. h3 Bh5 12. Be2 Re8 13. Bd2 Ne4 14. Rc1 Qd6
15. Bc3 Bc7 16. Re1 Bxf3 17. Bxf3 Rad8 18. Nd4 Nxc3 19. Rxc3 Qh2+ 20. Kf1 Ba5
21. Nxc6 bxc6 22. Qa4 Bxc3 23. bxc3 Qc7 24. Rd1 Qb6 25. g3 Qc5 26. Qd4 Qxd4 27.
cxd4 Rb8 28. Rc1 Rb6 29. Rc2 Kf8 30. Be2 Ke7 31. a4 Kd6 32. a5 Rb1+ 33. Kg2 Reb8
34. a6 R1b2 35. Rxb2 Rxb2 36. Bd3 Rb3 37. Bf1 Kc7 38. g4 Kb6 39. h4 Ra3 40. h5
Rxa6 41. f4 Ra2+ 42. Kf3 h6 43. g5 Rh2 44. Kg4 hxg5 45. fxg5 a5 46. Bh3 Rh1 47.
Kg3 Rg1+ 48. Bg2 Kc7 49. h6 gxh6 50. gxh6 Rb1 51. e4 Kd6 52. exd5 cxd5 53. h7
Rb8 54. Bf1 a4 55. Bd3 a3 56. Bb1 Rh8 57. Kf4 Rxh7 {White resigns} 0-1  aics%

[Event "Team 45 45 League T30"]
[Site "Internet Chess Club"]
[Date "2006.03.23"]
[Round "1"]
[White "Knight77"]
[Black "WesleyCrusher"]
[Result "0-1"]
[WhiteElo "1785"]
[BlackElo "2067"]
[TimeControl "2700+45"]

1. Nf3 Nf6 2. g3 b6 3. Bg2 Bb7 4. O-O e6 5. d3 d5 6. Nbd2 Be7 7. e4 dxe4 8. Ng5
Nbd7 9. Ngxe4 Rb8 10. Qe2 O-O 11. f4 Nc5 12. Nc4 Ncxe4 13. dxe4 Ba6 14. Be3 Bxc4
15. Qxc4 Ng4 16. Bd4 c5 17. h3 Qxd4+ 18. Qxd4 cxd4 19. hxg4 Rbc8 20. Rac1 Rc7
21. Rfd1 Rfc8 22. Rd2 e5 23. Bf1 Bd6 24. f5 Be7 25. Ba6 Bg5 26. Rdd1 Bxc1 27.
Bxc8 Rxc2 28. Ba6 Be3+ 29. Kf1 Rxb2 30. Bc4 Rf2+ 31. Ke1 Rg2 {White resigns} 0-1
 aics%

[Event "Team 45 45 League T30"]
[Site "Internet Chess Club"]
[Date "2006.03.25"]
[Round "1"]
[White "Milo"]
[Black "WFN2"]
[Result "0-1"]
[WhiteElo "2380"]
[BlackElo "2290"]
[TimeControl "2700+45"]

1. e4 d5 2. exd5 Qxd5 3. Nc3 Qa5 4. Nf3 Nf6 5. d4 c6 6. Bc4 Bf5 7. Qe2 e6 8. Bd2
Bb4 9. a3 Nbd7 10. O-O Bxc3 11. Bxc3 Qc7 12. Ne5 O-O 13. f4 a5 14. h3 b5 15. Bb3
Be4 16. Rac1 Bd5 17. f5 Ne4 18. Qe3 Nxe5 19. dxe5 Qa7 20. Qxa7 Rxa7 21. g4 Re8
22. Bd4 Rd7 23. Rcd1 Bxb3 24. cxb3 Red8 25. fxe6 fxe6 26. Rf4 Rxd4 27. Rc1 Rd1+
28. Rxd1 Rxd1+ 29. Kg2 Nc5 30. b4 Nd3 31. Re4 axb4 32. axb4 Nxb2 {White resigns}
0-1  aics%

[Event "Team 45 45 League T30"]
[Site "Internet Chess Club"]
[Date "2006.03.27"]
[Round "1"]
[White "virginiaknight"]
[Black "jpitt"]
[Result "1/2-1/2"]
[WhiteElo "2173"]
[BlackElo "2378"]
[TimeControl "2700+45"]

1. e4 c5 2. Nf3 d6 3. Bb5+ Nd7 4. d4 Nf6 5. Nc3 a6 6. Bxd7+ Nxd7 7. O-O e6 8.
dxc5 Nxc5 9. Bf4 Qc7 10. Qd2 b5 11. b4 Nd7 12. Rfd1 Bb7 13. Bxd6 Bxd6 14. Qxd6
Rc8 15. Qd4 Nf6 16. Rd3 O-O 17. Rad1 Qc4 18. Re1 h6 19. a3 Qxd4 20. Nxd4 Rc4 21.
f3 Rfc8 22. Nde2 Kf8 23. Red1 Ke7 24. e5 Nd5 25. Nxd5+ Bxd5 26. Nd4 h5 {Game
drawn by mutual agreement} 1/2-1/2  aics%

[Event "Team 45 45 League T30"]
[Site "Internet Chess Club"]
[Date "2006.03.23"]
[Round "1"]
[White "Surbiton"]
[Black "Zillmer"]
[Result "0-1"]
[WhiteElo "1981"]
[BlackElo "2112"]
[TimeControl "2700+45"]

1. e4 e6 2. d4 d5 3. Nc3 Bb4 4. a3 Bxc3+ 5. bxc3 dxe4 6. Qg4 Nf6 7. Qxg7 Rg8 8.
Qh6 Nbd7 9. Ne2 b6 10. Ng3 Bb7 11. Bb5 Qe7 12. Bg5 Ng4 13. Bxe7 Nxh6 14. Bxd7+
Kxe7 15. Bb5 f5 16. O-O f4 17. Ne2 Raf8 18. c4 Nf5 19. d5 exd5 20. cxd5 Nh4 21.
g3 fxg3 22. fxg3 Nf3+ 23. Kg2 Bxd5 24. Nc3 Bb7 25. Bc4 Rg5 26. Rad1 e3 27. Nd5+
Bxd5 28. Rxd5 Rxd5 29. Rxf3 Rd2+ {White resigns} 0-1

[Event "Team 45 45 League T30"]
[Site "Internet Chess Club"]
[Date "2006.03.22"]
[Round "1"]
[White "SluMan"]
[Black "hewdondada"]
[Result "1-0"]
[WhiteElo "2006"]
[BlackElo "1943"]
[TimeControl "2700+45"]

1. d4 d5 2. Nf3 c6 3. Bf4 Nf6 4. e3 Bg4 5. Nbd2 e6 6. c4 Bd6 7. Bg3 Ne4 8. Be2
Nxg3 9. hxg3 Nd7 10. e4 dxe4 11. Nxe4 Bb4+ 12. Kf1 Be7 13. Qc2 h6 14. a3 Qc7 15.
Rd1 O-O-O 16. b4 Nf6 17. Nc3 Bf5 18. Qa4 Kb8 19. b5 Ne4 20. Nxe4 Bxe4 21. Ne5
Bf6 22. bxc6 Bxe5 23. dxe5 Bxc6 24. Qc2 Rxd1+ 25. Bxd1 Qxe5 26. Kg1 Qe4 27. Qxe4
Bxe4 28. Rh4 f5 29. f3 g5 30. Rh5 Bd3 31. Bb3 Kc7 32. Kf2 e5 33. Ke3 e4 34. f4
gxf4+ 35. Kxf4 Kd6 36. Rxf5 Rh7 37. c5+ Kc7 38. Rf6 Bf1 39. Kxe4 Bxg2+ 40. Kf4
h5 41. Bf7 h4 42. gxh4 Bc6 43. h5 Kd7 44. Kg5 Ke7 45. Bg6 Rh8 46. h6 Be8 47.
Bxe8 Kxe8 48. Rg6 Kd7 49. Kf6 Rf8+ 50. Kg7 Rf3 51. h7 {Black resigns} 1-0  aics%

[Event "Team 45 45 League T30"]
[Site "Internet Chess Club"]
[Date "2006.03.27"]
[Round "1"]
[White "MSStateBulldog"]
[Black "Whole"]
[Result "1/2-1/2"]
[WhiteElo "2398"]
[BlackElo "2380"]
[TimeControl "2700+45"]

1. e4 Nf6 2. e5 Nd5 3. d4 d6 4. c4 Nb6 5. exd6 exd6 6. Nc3 Be7 7. Bd3 Nc6 8.
Nge2 Bg4 9. f3 Bh5 10. O-O Bg6 11. Bxg6 hxg6 12. d5 Ne5 13. b3 Bf6 14. Rb1 Qd7
15. Ne4 O-O-O 16. a4 Qf5 17. N2g3 Qd7 18. a5 Na8 19. Be3 Kb8 20. Nxf6 gxf6 21.
Qd4 b6 22. Rf2 g5 23. b4 Rh4 24. f4 Ng4 25. fxg5 Rdh8 26. Rf4 fxg5 27. Re4 f5
28. Rxg4 fxg4 29. Bxg5 Rxh2 30. c5 R2h7 31. c6 Qe8 32. Qd3 Rf7 33. Bd2 Rhf8 34.
Re1 Qc8 35. Bh6 Rh8 36. Bd2 Rhf8 37. Bh6 Rh8 38. Bd2 Rhf8 {Game drawn by
repetition} 1/2-1/2  aics%

[Event "Team 45 45 League T30"]
[Site "Internet Chess Club"]
[Date "2006.03.28"]
[Round "1"]
[White "izit"]
[Black "Ozgur-Bjk"]
[Result "0-1"]
[WhiteElo "2069"]
[BlackElo "2137"]
[TimeControl "2700+45"]

1. e4 c5 2. Nf3 d6 3. d4 cxd4 4. Nxd4 Nf6 5. Nc3 a6 6. Be3 e6 7. f3 Nbd7 8. g4
h6 9. Qd2 b5 10. O-O-O Bb7 11. Rg1 b4 12. Na4 Qa5 13. b3 Rc8 14. h4 Nc5 15. a3
d5 16. Nxc5 Qxa3+ 17. Kb1 Bxc5 18. g5 hxg5 19. hxg5 Nd7 20. g6 Be7 21. gxf7+
Kxf7 22. Qg2 Bf6 23. f4 dxe4 24. Bc1 Qa5 25. Nxe6 Qa1# {White checkmated} 0-1 
aics%

[Event "Team 45 45 League T30"]
[Site "Internet Chess Club"]
[Date "2006.03.30"]
[Round "1"]
[White "dsc"]
[Black "Sir-Knightly"]
[Result "0-1"]
[WhiteElo "2165"]
[BlackElo "2268"]
[TimeControl "2700+45"]

1. e4 e6 2. d4 d5 3. e5 c5 4. c3 Qb6 5. Nf3 Bd7 6. a3 a5 7. Bd3 Bb5 8. O-O Bxd3
9. Qxd3 Nc6 10. Be3 Qxb2 11. Nbd2 c4 12. Rab1 Qa2 13. Qe2 Qxa3 14. Rxb7 Qxc3 15.
Nb1 Qd3 16. Qa2 Bb4 17. Qa4 Rc8 18. Rb8 Rxb8 19. Qxc6+ Kf8 20. Qc7 Re8 21. Bd2
Ne7 22. Bg5 h6 23. Be3 Kg8 24. Qd7 Kh7 25. Nbd2 Ra8 26. Ng5+ hxg5 27. Nf3 Rhd8
28. Nxg5+ Kg8 29. Qa4 Qb3 30. Qa1 Nf5 31. Qc1 Nxe3 32. fxe3 Ra7 33. e4 Qd3 34.
Qf4 Bd2 {White resigns} 0-1  aics%

[Event "Team 45 45 League T30"]
[Site "Internet Chess Club"]
[Date "2006.03.25"]
[Round "1"]
[White "GrayFox"]
[Black "Gath"]
[Result "1-0"]
[WhiteElo "2446"]
[BlackElo "2303"]
[TimeControl "2700+45"]

1. e4 c5 2. Nf3 d6 3. d4 cxd4 4. Nxd4 Nf6 5. Nc3 a6 6. Be2 e5 7. Nb3 Be7 8. O-O
O-O 9. f4 b5 10. Qe1 b4 11. Nd5 Nxd5 12. exd5 Qb6+ 13. Kh1 e4 14. Bc4 Bf5 15.
Be3 Qc7 16. Qxb4 a5 17. Qa4 Nd7 18. Qc6 Qxc6 19. dxc6 Nf6 20. Nd4 Bc8 21. a3 d5
22. Ba2 Rb8 23. Rab1 Ba6 24. Nf5 Bd8 25. Rfd1 Be2 26. Rd2 Bg4 27. Nd4 Bc7 28. h3
Bc8 29. b4 Bd6 30. c3 Rd8 31. b5 Bc7 32. Nc2 Bb6 33. Bxb6 Rxb6 34. c4 Re8 35. c5
Rb8 36. Ne3 Nh5 37. b6 Ba6 38. c7 Rbc8 39. Bxd5 Nxf4 40. Bc6 Rf8 41. b7 Bxb7 42.
Rxb7 {Black resigns} 1-0  aics%

[Event "Team 45 45 League T30"]
[Site "Internet Chess Club"]
[Date "2006.03.27"]
[Round "1"]
[White "Kamberi"]
[Black "Cuby"]
[Result "1/2-1/2"]
[WhiteElo "2298"]
[BlackElo "2189"]
[TimeControl "2700+45"]

1. Nf3 f5 2. g3 Nf6 3. Bg2 g6 4. O-O Bg7 5. c4 O-O 6. Nc3 c6 7. d3 h6 8. e4 d6
9. exf5 Bxf5 10. Nh4 e5 11. Nxf5 gxf5 12. Bh3 Nh7 13. f4 exf4 14. Bxf4 Qb6+ 15.
Kh1 Qxb2 16. Rc1 Bxc3 17. Bxd6 Bg7 18. Bxf8 Nxf8 19. Rb1 Qd4 20. Rxb7 Nbd7 21.
Bxf5 Nc5 22. Re7 Qd6 23. Qe2 Rd8 24. Rxa7 Nxd3 25. Bxd3 Qxd3 26. Rxf8+ Bxf8 27.
Qe6+ Kh8 28. Qf6+ Kg8 29. Qf7+ Kh8 {Game drawn by mutual agreement} 1/2-1/2 
aics%

[Event "Team 45 45 League T30"]
[Site "Internet Chess Club"]
[Date "2006.03.26"]
[Round "1"]
[White "Parsival"]
[Black "Gregorio"]
[Result "1/2-1/2"]
[WhiteElo "2114"]
[BlackElo "2090"]
[TimeControl "2700+45"]

1. e4 e5 2. Nf3 Nc6 3. Bc4 Nf6 4. d3 Be7 5. c3 O-O 6. Nbd2 d6 7. Bb3 Na5 8. Bc2
c5 9. Nf1 Nc6 10. Ng3 Ne8 11. O-O Nc7 12. a3 b5 13. Qe2 a5 14. Be3 Rb8 15. d4 a4
16. Rfd1 Qe8 17. Rac1 Bg4 18. dxc5 dxc5 19. h3 Be6 20. Nd2 f6 21. f4 exf4 22.
Bxf4 Ne5 23. Nf3 Bc4 24. Qf2 Ne6 25. Be3 Rf7 26. Nf5 Bf8 27. Qg3 Nxf3+ 28. Qxf3
Rd8 {Game drawn by mutual agreement} 1/2-1/2  aics%

[Event "Team 45 45 League T30"]
[Site "Internet Chess Club"]
[Date "2006.03.27"]
[Round "1"]
[White "AJd-man"]
[Black "baumhauer"]
[Result "0-1"]
[WhiteElo "1995"]
[BlackElo "1978"]
[TimeControl "2700+45"]

1. e4 c5 2. d4 cxd4 3. c3 Nf6 4. e5 Nd5 5. Nf3 e6 6. cxd4 Nc6 7. Bc4 Nb6 8. Bb3
d6 9. Nc3 dxe5 10. dxe5 Qxd1+ 11. Bxd1 Bd7 12. Be3 Nc4 13. Be2 N6xe5 14. Nxe5
Nxe5 15. O-O-O a6 16. Rd2 Bc6 17. f3 Be7 18. h4 O-O 19. h5 Rfd8 20. Rhd1 Rxd2
21. Rxd2 Rc8 22. f4 Nd7 23. g4 b5 24. a3 Nc5 25. Kb1 Ne4 26. Nxe4 Bxe4+ 27. Ka2
Kf8 28. Bd4 f6 29. Bc3 Ke8 30. Rd4 Bd5+ 31. Kb1 Bc5 32. Rd1 Be3 33. f5 Be4+ 34.
Ka1 exf5 35. gxf5 Bxf5 36. Bxb5+ axb5 37. Re1 Kf7 38. Rxe3 Be6 39. Kb1 h6 40.
Bb4 Rc4 41. Rc3 Rxc3 42. Bxc3 Bg4 43. b3 Bxh5 44. a4 bxa4 45. bxa4 Ke6 46. Kc2
Be2 47. Kd2 Ba6 48. Ke3 h5 49. Kf3 g5 50. Bd2 Kf5 51. Bc3 h4 {White resigns} 0-1
 aics%

[Event "Team 45 45 League T30"]
[Site "Internet Chess Club"]
[Date "2006.03.26"]
[Round "1"]
[White "Joyoyo"]
[Black "jazzyrick"]
[Result "0-1"]
[WhiteElo "1656"]
[BlackElo "1665"]
[TimeControl "2700+45"]

1. e4 c5 2. Nf3 d6 3. d4 cxd4 4. Nxd4 Nf6 5. Nc3 a6 6. Be3 e6 7. f3 Be7 8. Qd2
b5 9. O-O-O Nbd7 10. Nc6 Qc7 11. Nxe7 Kxe7 12. g4 Bb7 13. Bg2 Rhd8 14. Bf4 Ne8
15. Rhe1 Nb6 16. Bf1 Rac8 17. Bd3 Nc4 18. Bxc4 Qxc4 19. Qd3 Qc6 20. Kb1 b4 21.
Ne2 e5 22. Bg5+ f6 23. Bh4 g5 24. Bf2 a5 25. Ng3 Ng7 26. Qd5 Qxc2+ {White
resigns} 0-1  aics%